 Dungeon Crawl Stone Soup version 0.24-a0-108-g011bc4b (console) character file.

Game seed: 2007958910061959882

208 Voker57 the Slasher (level 5, 0/36 HPs)
             Began as a Demonspawn Gladiator on Feb 14, 2019.
             Slain by a quasit (1 damage)
             ... on level 3 of the Dungeon.
             The game lasted 00:04:16 (3165 turns).

Voker57 the Slasher (Demonspawn Gladiator)          Turns: 3165, Time: 00:04:16

Health: 0/36       AC:  4    Str: 16    XL:     5   Next: 55%
Magic:  0/14       EV:  2    Int: 11    God:
Gold:   99         SH:  0    Dex: -12 (18)Spells: 4/4 levels left

rFire    . . .     SeeInvis .   a - +0 long sword
rCold    . . .     Gourm    .   (no shield)
rNeg     . . .     Faith    +   b - +0 leather armour
rPois    .         Spirit   +   c - +0 helmet
rElec    .         Reflect  .   (no cloak)
rCorr    .         Harm     .   (no gloves)
MR       .....                  (no boots)
Stlth    ..........             o - amulet of faith
HPRegen  0.12/turn              u - ring of magical power
MPRegen  0.28/turn              (no ring)

@: about to teleport, slowed, lost dexterity, very slow
A: thin skeletal structure 1, clever 1, frail 1, strong 1, wild magic 1, magic
shield, magic regeneration
a: no special abilities


You were on level 3 of the Dungeon.
You were not hungry.

You visited 1 branch of the dungeon, and saw 3 of its levels.

You collected 99 gold pieces.

Inventory:

Hand Weapons
 a - a +0 long sword (weapon)
Missiles
 d - 2 throwing nets (quivered)
Armour
 b - a +0 leather armour (worn)
 c - a +0 helmet (worn)
Jewellery
 o - an amulet of faith (around neck)
 r - a cursed ring of teleportation
 u - a ring of magical power (left hand)
Scrolls
 g - a scroll of remove curse
 h - 2 scrolls of magic mapping
Comestibles
 f - 3 rations


   Skills:
 + Level 3.2 Fighting
 * Level 4.2 Long Blades
 - Level 1.7 Throwing
 + Level 1.7 Armour
 + Level 3.4 Dodging


You had 4 spell levels left.
You didn't know any spells.
Your spell library was empty.

Dungeon Overview and Level Annotations

Branches:
Dungeon (3/15)

Altars:
Elyvilon
Fedhas
Kikubaaqudgha
Yredelemnul


Innate Abilities, Weirdness & Mutations

You have a somewhat thin skeletal structure. (Dex +2, Stealth)
When hurt, damage is shared between your health and your magic reserves.
You regenerate magic rapidly.
Your mind is acute. (Int +2)
You are frail. (-10% HP)
Your muscles are strong. (Str +2)
Your spells are a little harder to cast, but a little more powerful.


Message History

The quasit bites you but does no damage.
The quasit claws you.
You feel clumsy.
The quasit claws you but does no damage.
Unknown command.
There are monsters nearby!
There are monsters nearby!
As you read the scroll of teleportation, it crumbles to dust.
You feel strangely unstable. The quasit barely misses you.
You riposte.
You closely miss the quasit.
The quasit is lightly wounded.
The quasit claws you.
* * * LOW HITPOINT WARNING * * *
You feel clumsy.
The quasit claws you but does no damage.
The quasit bites you.
* * * LOW HITPOINT WARNING * * *
You feel clumsy. The quasit claws you.
You die...

....######.........#...........#.
.#..##P..#.........#...........#.
##....P_.#.........#...........#.
.P.....P.#####........###..#'#.#.
......####..##....#####.##...#.#.
PP..#####...##...##......#..##.##
##..##.##...##..##....#..##.[....
##..##.##...##..#...#...#.#..#.#.
...##........#.5##..##.#..#......
.####........#.5@#.#...#.##..###.
)).............5##.....#.#.....#.
.####........#..#...#©.=?#©..#.#.
.# ##.#######..#.#...#..#.......
.# #.....)..#..##.#.....##....#.
.# #............#...#.#..#....#.
.# #..#.....#...#...#.#..#....#.
.# #............#©.5....##....#.
#####........###.###...###.......
.............# #...#####.....#.#.


You could see 3 quasits.

Vanquished Creatures
  A worker ant (D:3)
  The ghost of Duffy the Chopper, a weakling NaGl (D:3)
  4 gnolls
  4 adders
  2 oozes
  2 worms
  2 dart slugs (D:2)
  2 leopard geckos (D:2)
  6 orcs (D:3)
  2 ball pythons
  4 giant cockroaches
  5 hobgoblins
  7 jackals
  2 quokkas (D:2)
  10 bats
  5 frilled lizards
  5 goblins
  4 kobolds
  5 rats
73 creatures vanquished.

Vanquished Creatures (others)
  A quokka (D:3)
1 creature vanquished.

Grand Total: 74 creatures vanquished

Notes
Turn   | Place    | Note
-------+----------+-------------------------------------------
     0 | D:1      | Voker57 the Demonspawn Gladiator began the quest for the
                  | Orb.
     0 | D:1      | Reached XP level 1. HP: 16/16 MP: 1/1
    22 | D:1      | Reached skill level 3 in Long Blades
    22 | D:1      | Gained mutation: You have a somewhat thin skeletal
                  | structure. (Dex +2, Stealth) [demonic ancestry]
    22 | D:1      | Reached XP level 2. HP: 22/22 MP: 2/2
   357 | D:1      | Gained mutation: When hurt, damage is shared between your
                  | health and your magic reserves. [demonic ancestry]
   357 | D:1      | Reached XP level 3. HP: 28/28 MP: 3/3
   895 | D:2      | Reached skill level 1 in Armour
   895 | D:2      | Reached XP level 4. HP: 17/34 MP: 1/4
   926 | D:2      | HP: 1/34 [poisoned by an adder]
  1305 | D:2      | Found a basalt altar of Yredelemnul.
  1602 | D:3      | Found an ancient bone altar of Kikubaaqudgha.
  1602 | D:3      | Found a blossoming altar of Fedhas.
  2127 | D:3      | Noticed Duffy's ghost (weakling NaGl)
  2136 | D:3      | Found a transporter.
  2152 | D:3      | Found a transporter.
  2169 | D:3      | Found a white marble altar of Elyvilon.
  2215 | D:3      | Reached skill level 4 in Long Blades
  2215 | D:3      | Gained mutation: You regenerate magic rapidly. [demonic
                  | ancestry]
  2215 | D:3      | Reached XP level 5. HP: 23/41 MP: 3/5
  2864 | D:3      | Gained mutation: Your mind is acute. (Int +2) [potion of
                  | mutation]
  2864 | D:3      | Gained mutation: Your spells are a little harder to cast,
                  | but a little more powerful. [potion of mutation]
  2864 | D:3      | Gained mutation: You are frail. (-10% HP) [potion of
                  | mutation]
  2864 | D:3      | Gained mutation: Your muscles are strong. (Str +2) [potion
                  | of mutation]
  2869 | D:3      | Killed Duffy's ghost
  3154 | D:3      | Lost dexterity.
  3165 | D:3      | HP: 1/36 [quasit (1)]
  3165 | D:3      | Slain by a quasit

Levels and vault maps discovered:
D:1:      dpeg_arrival_chase, layout_loops_ring, serial_bayou_lagoon_b
D:2:      layout_rooms, lemuel_round_altar
D:3:      layout_basic, grunt_temple_overflow_growth_and_decay,
          elyvilon_altar_4, gammafunk_ghost_stat_death

Skill      XL: |  1  2  3  4 |
---------------+-------------+-----
Long Blades    | 3 4 |  4.2
Dodging        | 3 |  3.4
Armour         | 1 |  1.7
Fighting       | 3 |  3.2
Throwing       | |  1.7

Action                   |  1- 3 |  4- 6 || total
-------------------------+-------+-------++-------
Melee: Long sword        |    80 |   158 ||   238
Throw: Throwing net      |       |     2 ||     2
  Use: Potion            |       |     7 ||     7
       Scroll            |       |    11 ||    11
 Stab: Sleeping          |     5 |     2 ||     7
  Eat: Chunk             |       |     5 ||     5
       Ration            |       |     1 ||     1
Armor: Leather armour    |    26 |   208 ||   234
       Skin              |       |    12 ||    12
Dodge: Dodged            |    81 |   260 ||   341
       Rpst.: Long sword |    22 |    54 ||    76

Table legend:
 A = Non-vault XP
 B = Vault XP
 C = Vault XP percentage of total XP
 D = Non-vault monster count
 E = Vault monster count
 F = Vault count percentage of total count
                 A         B        C        D         E       F
            +---------+---------+-------+---------+---------+-------
      Total |     274 |      24 |   8.1 |      72 |       1 |   1.4
            +---------+---------+-------+---------+---------+-------
        D:1 |      49 |       0 |   0.0 |      21 |       0 |   0.0
        D:2 |      98 |       0 |   0.0 |      28 |       0 |   0.0
        D:3 |     127 |      24 |  15.9 |      23 |       1 |   4.2
            +---------+---------+-------+---------+---------+-------
